 Dungeon Crawl Stone Soup version 0.27.0-66-gdc8fb28755 (webtiles) character file.

Game seed: 1575603932843986413

0 chaosape the Grasshopper (level 1, -2/16 HPs)
             Began as a Human Warper on Aug 21, 2021.
             Slain by a hound (5 damage)
             ... on level 2 of the Dungeon.
             The game lasted 00:01:13 (40 turns).

chaosape the Grasshopper (Human Warper)               Turns: 40, Time: 00:01:14

Health: -2/16      AC:  3    Str: 11    XL:     1   Next: 11%
Magic:  3/3        EV: 11    Int: 13    God:
Gold:   0          SH:  0    Dex: 12    Spells: 4/4 levels left

rFire    . . .     SeeInvis .   a - +0 short sword
rCold    . . .     Faith    .   (no shield)
rNeg     . . .     Spirit   .   b - +0 leather armour
rPois    .         Reflect  .   (no helmet)
rElec    .         Harm     .   (no cloak)
rCorr    .         Rampage  .   (no gloves)
Will     .....                  (no boots)
Stlth    +.........             (no amulet)
HPRegen  0.05/turn              (no ring)
MPRegen  0.08/turn              (no ring)

@: no status effects
A: no striking features
a: no special abilities


You were on level 2 of the Dungeon.
You visited 1 branch of the dungeon, and saw 2 of its levels.

Inventory:

Hand Weapons
 a - a +0 short sword (weapon)
Missiles
 d - 5 boomerangs of dispersal (quivered)
Armour
 b - a +0 leather armour (worn)
Wands
 e - a wand of charming (11)
Scrolls
 c - a scroll of blinking


   Skills:
 + Level 2.0 Fighting
 + Level 2.0 Short Blades
 + Level 1.0 Throwing
 + Level 1.0 Armour
 + Level 2.0 Dodging
 + Level 2.0 Spellcasting
 + Level 3.0 Translocations


You had 4 spell levels left.
You didn't know any spells.
Your spell library contained the following spells:

 Spells                   Type           Power      Damage    Failure   Level
 Blink                    Tloc           N/A        N/A       14%         2
 Gell's Gravitas          Tloc           4%         N/A       28%         3
 Lesser Beckoning         Tloc           4%         N/A       28%         3
 Teleport Other           Tloc           9%         N/A       28%         3
 Manifold Assault         Tloc           9%         N/A       95%         5


Dungeon Overview and Level Annotations

Branches:
Dungeon (2/15)

Altars:


Message History

Welcome, chaosape the Human Warper.
It is said that the Orb of Zot exists deep within this dungeon.
Press ? for a list of commands and other information.
Found an escape hatch in the floor.
Found a staircase leading out of the dungeon.
There is an escape hatch in the floor here.
Unknown command.
You slide downwards.
The hatch slams shut behind you.
Found a stone staircase leading down.
A rat comes into view.
Found a stone staircase leading up.
You closely miss the rat. The rat barely misses you.
You barely miss the rat. The rat closely misses you.
You completely miss the rat. The rat bites you but does no damage.
You hit the rat.
The rat is moderately wounded.
The rat bites you but does no damage.
You closely miss the rat.
The rat is moderately wounded.
The rat bites you but does no damage.
Your leather armour prevents you from hitting the rat.
The rat is moderately wounded.
The rat bites you.
You hit the rat.
You kill the rat!
Found a lumpy black potion.
A hound comes into view.
You don't know any spells.
The hound barks!
The hound pauses to sniff the ground.
Found a long lead wand.
The hound bites you.
An adder comes into view.
The hound bites you.
The adder moves out of view.
The hound misses you. The hound bites you.
* * * LOW HITPOINT WARNING * * *
You see here a wand of charming (11).
e - a wand of charming (11)
The hound bites you.
You die...

## #. #. ......##.#
.........#
...#...#.#
.......#.#####.####
....!..#..h@.......
#........#########
#..##.#..#
#........#
##.##..#.#
#<###.#.##
#........#
#........#
##.##.##.#


You could see a hound.

Vanquished Creatures
  A rat (D:2)
1 creature vanquished.

Notes
Turn   | Place    | Note
-------+----------+-------------------------------------------
     0 | D:1      | chaosape the Human Warper began the quest for the Orb.
     0 | D:1      | Reached XP level 1. HP: 16/16 MP: 3/3
    31 | D:2      | Noticed a hound
    40 | D:2      | Slain by a hound

Illustrated notes

Levels and vault maps discovered:
D:1:      amcnicky_arrival_choice, layout_basic, minmay_misc_feat_roman,
          nrook_loot_triangle
D:2:      layout_loops_cross, dreamdust_ecumenical_altar_sealed_demon,
          basic_altar, serial_park_tiny_1, minmay_misc_feat_five

Action                   || total
-------------------------++-------
Melee: Short sword       ||     7
Armor: Leather armour    ||     3
Dodge: Dodged            ||     3
